 Dungeon Crawl Stone Soup version 0.31-a0-175-g9f7f995f2b (webtiles) character file.

Game seed: 361606253727291327

85 qw the Shooter (level 4, 0/28 HPs)
             Began as a Gargoyle Hunter on June 16, 2023.
             Killed from afar by an orc wizard (5 damage)
             ... with a magic dart
             ... on level 2 of the Dungeon.
             The game lasted 00:00:31 (1201 turns).

qw the Shooter (Gargoyle Hunter)                    Turns: 1201, Time: 00:00:32

Health: 0/28       AC:  8    Str: 14    XL:     4   Next: 48%
Magic:  4/4        EV: 11    Int: 10    God:
Gold:   60         SH:  0    Dex: 21    Spells: 3/3 levels left

rFire   . . .        Y - +0 shortbow
rCold   . . .        (shield currently unavailable)
rNeg    + . .        k - +0 ring mail
rPois   inf          (no helmet)
rElec   +            (no cloak)
rCorr   .            (no gloves)
SInv    .            (no boots)
Will    +....        (no amulet)
Stlth   +            a - ring of Qykhlel {Will+ Dex+6}
HPRegen 0.24/turn    (no ring)
MPRegen 0.09/turn

%: no passive effects
@: no status effects
A: sickness immunity, AC +3, negative energy resistance 1, electricity
resistance, torment resistance 1, petrification resistance
a: no special abilities


You were on level 2 of the Dungeon.
You visited 1 branch of the dungeon, and saw 2 of its levels.

You collected 60 gold pieces.


Innate Abilities, Weirdness & Mutations

You are immune to sickness and miasma.
Your stone body is resilient. (AC +3)
You are immune to poison.
You resist negative energy. (rN+)
You are resistant to electric shocks. (rElec)
You are resistant to unholy torment.
You are immune to petrification.


   Skills:
 - Level 3.4 Fighting
 + Level 5.0 Ranged Weapons
 - Level 1.0 Armour
 - Level 1.5 Dodging
 - Level 1.1 Stealth


You had 3 spell levels left.
You didn't know any spells.
Your spell library was empty.

Inventory:

Hand Weapons
 Y - a +0 shortbow (weapon)
Armour
 b - a +0 cloak
 k - a +0 ring mail (worn)
Jewellery
 a - the ring of Qykhlel (left hand) {Will+ Dex+6}
   (You acquired it on level 1 of the Dungeon)

   [ring of dexterity]

   Dex:       It affects your dexterity (+6).
   Will:      It increases your willpower.
Potions
 g - a potion of cancellation {unknown}
 i - a potion of might {unknown}
 j - a potion of berserk rage {unknown}
 l - a potion of degeneration {unknown}

Dungeon Overview and Level Annotations

Branches:
Dungeon (2/15)

Altars:


Message History

The orc wizard flickers and vanishes!
The quokka bites you but does no damage.
You shoot an arrow. The arrow closely misses the quokka.
The arrow hits the endoplasm!
You kill the endoplasm!
The quokka bites you.
You shoot an arrow. The arrow hits the quokka.
You kill the quokka!
You shoot an arrow. The arrow hits the rat.
You kill the rat!
Something hits you but does no damage.
A quokka comes into view.
You hear some strange, mumbled words.
Something tries to affect you, but you resist.
You shoot an arrow. Something hits you.
You shoot an arrow. Something hits you.
You shoot an arrow. The arrow hits the quokka.
The quokka is almost dead.
Something hits you. x2
You shoot an arrow.
Something hits you but does no damage. x4
You shoot an arrow. The arrow hits the quokka!
You kill the quokka!
Something hits you but does no damage.
A magic dart appears from out of thin air!
The magic dart hits you.
You shoot an arrow. Something hits you. x2
You shoot an arrow. Something hits you but does no damage. Something hits you.
Something burns you. Something hits you.
Something hits you but does no damage. x2
Something barely misses you.
You shoot an arrow. Something hits you but does no damage. Something hits you.
You hear some strange, mumbled words.
A magic dart appears from out of thin air!
The magic dart hits you.
You die...

#. #. #.###
#.#.##
#####....####...
........@{.))...
####...{####...
##.#..## #.###.#
#.#.## #.## #+#
#.# #.# #.# #.#
#.# ##.##


There were no monsters in sight!

Vanquished Creatures
  An orc priest (D:2)
  A worm (D:2)
  2 dart slugs
  An orc (D:2)
  5 endoplasms
  4 goblins
  4 hobgoblins
  4 jackals (D:2)
  6 quokkas
  A bat (D:1)
  4 frilled lizards (D:1)
  6 kobolds
  7 rats
46 creatures vanquished.

Notes
Turn   | Place    | Note
-------+----------+-------------------------------------------
     0 | D:1      | qw the Gargoyle Hunter began the quest for the Orb.
     0 | D:1      | Reached XP level 1. HP: 12/12 MP: 1/1
     0 | D:1      | 0 ||| qw: Version: 0.2-a-29-g511e9b1
     0 | D:1      | 0 ||| qw: Game counter: 5916
     0 | D:1      | 0 ||| qw: Always use a shield: true
     0 | D:1      | 0 ||| qw: God list: Okawaru
     0 | D:1      | 0 ||| qw: Allow faded altars: false
     0 | D:1      | 0 ||| qw: Do Orc after D:15 true
     0 | D:1      | 0 ||| qw: Do second Lair branch before Depths: true
     0 | D:1      | 0 ||| qw: Lair rune preference: random
     0 | D:1      | 0 ||| qw: Plans: Normal, Zot:1-4, Slime:5, God:TSO, Crypt,
                  | Tomb, Abyss, Pan, Hells, Win
     0 | D:1      | 0 ||| PLANNING D:1-11
   108 | D:1      | Reached XP level 2. HP: 17/17 MP: 2/2
   280 | D:1      | Found a faded altar of an unknown god.
   514 | D:1      | Reached XP level 3. HP: 21/21 MP: 3/3
   723 | D:1      | Reached skill level 5 in Ranged Weapons
   744 | D:1      | 744 ||| UPGRADING to +0 ring mail.
   754 | D:1      | 754 ||| DROPPING +0 leather armour.
   755 | D:1      | 755 ||| DROPPING ring of wizardry.
   756 | D:1      | 756 ||| READING scroll labelled YJO GAYGOMECS.
   756 | D:1      | Identified a scroll of acquirement
   756 | D:1      | 756 ||| ACQUIRING ring of Qykhlel {Will+ Dex+6}
   756 | D:1      | Acquired the ring of Qykhlel {Will+ Dex+6}
   758 | D:1      | 758 ||| UPGRADING to ring of Qykhlel {Will+ Dex+6}.
   759 | D:1      | 759 ||| READING scroll labelled LUILUFEILU.
   760 | D:1      | 760 ||| READING scroll labelled LUWNE JOBEUKOI.
   761 | D:1      | 761 ||| READING scroll labelled SER LAOH JOU.
   762 | D:1      | 762 ||| DROPPING scroll of butterflies.
   846 | D:2      | Reached skill level 1 in Armour
  1184 | D:2      | Reached skill level 3 in Fighting
  1184 | D:2      | Reached XP level 4. HP: 28/28 MP: 4/4
  1200 | D:2      | HP: 7/28 [something (1)]
  1201 | D:2      | Killed from afar by an orc wizard

Levels and vault maps discovered:
D:1:      elethiomel_arrival_diamonds, layout_basic,
          hellmonk_ecumenical_altar_inner_sanctum, grunt_decor_one_mirror,
          corner_web_ring
D:2:      layout_loops_corners, uniq_robin

Skill      XL: |  1  2  3 |
---------------+----------+-----
Ranged Weapons | 5 |  5.0
Armour         | 1 |  1.0
Fighting       | 3 |  3.4
Dodging        | |  1.5
Stealth        | |  1.1

Action                     |  1- 3 |  4- 6 || total
---------------------------+-------+-------++-------
   Fire: Shortbow          |   110 |    18 ||   128
    Use: Scroll            |     4 |       ||     4
 Armour: Leather armour    |     4 |       ||     4
         Ring mail         |     9 |    12 ||    21
  Dodge: Dodged            |    25 |     1 ||    26

Table legend:
 A = Non-vault XP
 B = Vault XP
 C = Vault XP percentage of total XP
 D = Non-vault monster count
 E = Vault monster count
 F = Vault count percentage of total count
                 A         B        C        D         E       F
            +---------+---------+-------+---------+---------+-------
      Total |     114 |       8 |   6.6 |      39 |       7 |  15.2
            +---------+---------+-------+---------+---------+-------
        D:1 |      31 |       8 |  20.5 |      17 |       7 |  29.2
        D:2 |      83 |       0 |   0.0 |      22 |       0 |   0.0
            +---------+---------+-------+---------+---------+-------
